[Event "Titled Tuesday Blitz April 11 Early 2023"]
[White "Han, Yichen"]
[Black "Kohler, Aran"]
[WhiteFideId "1054430"]
[BlackFideId "1002856"]
[WhiteElo "2342"]
[BlackElo "2304"]
[Result "1-0"]
[Round "03"]
[TimeControl "180+2"]
[Date "2023.04.11"]
[WhiteClock "0:00:16"]
[BlackClock "0:00:41"]

1. Nf3 d6 2. d4 Bg4 3. e4 Nd7 4. Bc4 e6 5. Nc3 c6 6. Be2 Bxf3 7. Bxf3 e5 8. O-O Ngf6 9. Be3 Be7 10. Qd2 Qc7 11. d5 c5 12. Ne2 O-O 13. Ng3 Rfe8 14. h4 Bf8 15. h5 b5 16. Nf5 Nb6 17. b3 Qd7 18. g4 g6 19. Bg5 gxf5 20. Bxf6 f4 21. Qe2 Be7 22. Bxe7 Qxe7 23. Qxb5 Rac8 24. a4 c4 25. a5 Nd7 26. b4 Rc7 27. Qa4 Rb8 28. c3 Qh4 29. Kg2 Qg5 30. b5 Nf6 31. Kh3 Kh8 32. b6 axb6 33. axb6 Rxb6 34. Qa8+ Kg7 35. Qd8 Rcb7 36. Ra8 Kh6 37. Qf8+ Qg7 38. g5+ 1-0


[Site "https://www.chess.com"]

[Event "Titled Tuesday Blitz April 11 Early 2023"]
[White "Orujov2008"]
[Black "Cori T., Deysi"]
[BlackFideId "3801934"]
[WhiteElo "2303"]
[BlackElo "2292"]
[Result "0-1"]
[Round "03"]
[TimeControl "180+2"]
[Date "2023.04.11"]
[WhiteClock "0:00:01"]
[BlackClock "0:00:10"]

1. e4 e6 2. d4 b6 3. Nd2 Bb7 4. Ngf3 g6 5. Bd3 Bg7 6. O-O d6 7. Qe2 Ne7 8. Re1 O-O 9. Nf1 c5 10. c3 cxd4 11. cxd4 Nbc6 12. Be3 Nb4 13. Bb1 f5 14. exf5 Nxf5 15. Bd2 Bxf3 16. Qxe6+ Kh8 17. Bxb4 Nxd4 18. Qh3 Qg5 19. Bd2 Bxg2 20. Bxg5 Bxh3 21. Be4 Rae8 22. Bg2 Bg4 23. Be3 Nf3+ 24. Bxf3 Bxf3 25. Rab1 h5 26. b3 h4 27. Rbc1 d5 28. Rc7 Rf5 29. Rec1 Bf6 30. Rxa7 d4 31. Rcc7 dxe3 32. Rh7+ Kg8 33. Nxe3 Rg5+ 34. Kf1 Rc5 35. Ke1 Rd8 36. Kf1 Rc1+ 0-1


[Site "https://www.chess.com"]

[Event "Titled Tuesday Blitz April 11 Early 2023"]
[White "Kozin, Yuri"]
[Black "Fajdetic, Hrvoje"]
[WhiteFideId "4129920"]
[BlackFideId "14501945"]
[WhiteElo "2555"]
[BlackElo "2185"]
[Result "1-0"]
[Round "03"]
[TimeControl "180+2"]
[Date "2023.04.11"]
[WhiteClock "0:00:29"]
[BlackClock "0:00:06"]

1. e4 e6 2. d4 d5 3. Nd2 dxe4 4. Nxe4 Nd7 5. Nf3 Ngf6 6. Nxf6+ Nxf6 7. c3 c5 8. Ne5 a6 9. Be3 Bd6 10. Qa4+ Bd7 11. Nxd7 Qxd7 12. Qxd7+ Nxd7 13. O-O-O Ke7 14. dxc5 Nxc5 15. Be2 Rac8 16. Bf3 b5 17. Kc2 a5 18. Rd2 Rhd8 19. Rhd1 Na4 20. Bb7 Rb8 21. Bc6 Nb6 22. Bxb5 Nd5 23. a4 Nxe3+ 24. fxe3 Bxh2 25. Rh1 Rxd2+ 26. Kxd2 Rd8+ 27. Kc2 Be5 28. Rxh7 Bf6 29. Rh5 g6 30. Rc5 Bg5 31. Rxg5 Kf6 32. Rc5 Rd6 33. Bd3 e5 34. Rxa5 Ke6 35. b4 f5 36. Bc4+ Kf6 37. Ra6 Rxa6 38. Bxa6 1-0


[Site "https://www.chess.com"]

[Event "Titled Tuesday Blitz April 11 Early 2023"]
[White "Horak, Martin"]
[Black "La Villa Rivas, Marlon Javier"]
[WhiteFideId "367095"]
[BlackFideId "3519546"]
[WhiteElo "2091"]
[BlackElo "2135"]
[Result "0-1"]
[Round "03"]
[TimeControl "180+2"]
[Date "2023.04.11"]
[WhiteClock "0:00:40"]
[BlackClock "0:00:33"]

1. d4 Nf6 2. Nf3 e6 3. c4 b6 4. e3 Bb7 5. Bd3 Bb4+ 6. Bd2 Qe7 7. O-O Bxd2 8. Nbxd2 O-O 9. Qc2 h6 10. e4 d6 11. e5 dxe5 12. dxe5 Nfd7 13. Bh7+ Kh8 14. Be4 Nc6 15. Rfe1 Nc5 16. Bxc6 Bxc6 17. b4 Nd7 18. Nd4 Bb7 19. Rab1 c5 20. bxc5 Nxc5 21. Nb5 Rad8 22. Nb3 Nd3 23. Re3 Nf4 24. Rg3 Ng6 25. Re1 Qb4 26. Nd6 Qxe1# 0-1


[Site "https://www.chess.com"]

[Event "Titled Tuesday Blitz April 11 Early 2023"]
[White "Bilan, Danila"]
[Black "Skaric, Djuro"]
[WhiteFideId "24161918"]
[BlackFideId "934569"]
[WhiteElo "2182"]
[BlackElo "2282"]
[Result "1-0"]
[Round "03"]
[TimeControl "180+2"]
[Date "2023.04.11"]
[WhiteClock "0:00:08"]
[BlackClock "0:00:39"]

1. d4 d6 2. Nf3 g6 3. Bg5 Bg7 4. c3 h6 5. Bh4 Nf6 6. Nbd2 O-O 7. e4 Nc6 8. Qc2 e5 9. dxe5 dxe5 10. Bc4 Qe7 11. O-O g5 12. Bg3 Nh5 13. Rfe1 Nf4 14. Nf1 a6 15. Ne3 Be6 16. Rad1 Rad8 17. b4 Kh8 18. Nd5 Bxd5 19. exd5 Nb8 20. Bxf4 gxf4 21. Qf5 Nd7 22. Bd3 Nf6 23. Nxe5 Rxd5 24. c4 Rdd8 25. Nc6 Qd7 26. Nxd8 Rxd8 27. Bc2 Qc8 28. Qxc8 Rxc8 29. Re7 Kg8 30. Bf5 Rb8 31. Rxc7 Bf8 32. a3 a5 33. c5 axb4 34. axb4 b6 35. c6 Bxb4 36. Rb7 Re8 37. c7 Re5 38. c8=Q+ 1-0


[Site "https://www.chess.com"]

[Event "Titled Tuesday Blitz April 11 Early 2023"]
[White "Sharapov, Evgeny"]
[Black "Chabris, Christopher"]
[WhiteFideId "14103133"]
[BlackFideId "2005263"]
[WhiteElo "2367"]
[BlackElo "2279"]
[Result "1-0"]
[Round "03"]
[TimeControl "180+2"]
[Date "2023.04.11"]
[WhiteClock "0:01:52"]
[BlackClock "0:00:10"]

1. e4 c5 2. Nf3 Nc6 3. d4 cxd4 4. Nxd4 e5 5. Nb5 d6 6. N1c3 a6 7. Na3 Be7 8. Nc4 b5 9. Ne3 Nf6 10. g3 h5 11. h3 h4 12. g4 O-O 13. Bg2 Nd4 14. O-O Bb7 15. Ncd5 Nxd5 16. exd5 b4 17. a3 a5 18. axb4 axb4 19. Rxa8 Qxa8 20. Bd2 Qa4 21. c3 Qxd1 22. Rxd1 Ne2+ 23. Kf1 bxc3 24. Kxe2 Ba6+ 25. Ke1 cxd2+ 26. Kxd2 Rb8 27. Rb1 Bg5 28. b4 g6 29. Be4 Bb5 30. Bd3 Kf8 31. Bxb5 Rxb5 32. Kd3 Bxe3 33. fxe3 Rxd5+ 34. Kc4 Rd2 35. b5 d5+ 36. Kc5 d4 37. b6 dxe3 38. b7 e2 39. b8=Q+ Kg7 40. Qxe5+ 1-0


[Site "https://www.chess.com"]

[Event "Titled Tuesday Blitz April 11 Early 2023"]
[White "Coelho, Ramyres Santana"]
[Black "Ljukin, Sergei"]
[WhiteFideId "2120690"]
[BlackFideId "14102200"]
[WhiteElo "1888"]
[BlackElo "2312"]
[Result "0-1"]
[Round "03"]
[TimeControl "180+2"]
[Date "2023.04.11"]
[WhiteClock "0:00:19"]
[BlackClock "0:00:50"]

1. e4 e6 2. d4 d5 3. Nc3 Bb4 4. e5 Ne7 5. a3 Bxc3+ 6. bxc3 c5 7. Qg4 Qc7 8. Bd2 O-O 9. Bd3 c4 10. Be2 Nbc6 11. Nf3 f6 12. exf6 Rxf6 13. Bg5 Rf7 14. Qh5 g6 15. Qh6 Nf5 16. Qh3 e5 17. g4 Nd6 18. Nxe5 Nxe5 19. dxe5 Ne4 20. f4 Nxg5 21. fxg5 Qxe5 22. Kd2 Qxg5+ 23. Qe3 Qxe3+ 24. Kxe3 Bd7 25. Kd4 Re8 26. Rhe1 Rfe7 27. Kxd5 Rxe2 28. Rxe2 Rxe2 29. Kxc4 Rxh2 30. Rd1 Bxg4 31. Rd8+ Kg7 32. Rb8 Bf3 33. Kd3 h5 34. Ke3 Bc6 35. Ra8 a6 36. Kd3 h4 37. Rd8 h3 38. Rd4 Rf2 39. Rh4 h2 40. Kc4 h1=Q 41. Rd4 Qf1+ 42. Kb4 Qb5# 0-1


[Site "https://www.chess.com"]

[Event "Titled Tuesday Blitz April 11 Early 2023"]
[White "Demin, Vladimir"]
[Black "Levitan, Caleb Levi"]
[WhiteFideId "4167457"]
[BlackFideId "14332620"]
[WhiteElo "2548"]
[BlackElo "1963"]
[Result "1-0"]
[Round "03"]
[TimeControl "180+2"]
[Date "2023.04.11"]
[WhiteClock "0:00:08"]
[BlackClock "0:00:01"]

1. e4 e5 2. Nf3 Nc6 3. Nc3 Nf6 4. d4 exd4 5. Nxd4 Bb4 6. Nxc6 bxc6 7. Bd3 d5 8. exd5 cxd5 9. O-O O-O 10. h3 h6 11. Qf3 Be6 12. Ne2 Qd7 13. Bxh6 Ne8 14. Be3 Bd6 15. Rad1 c5 16. c3 Rb8 17. b3 f5 18. Bf4 Nf6 19. Bxd6 Qxd6 20. Bxf5 Bxf5 21. Qxf5 Rbd8 22. Ng3 d4 23. cxd4 cxd4 24. Rd3 Nd5 25. Qg5 Nf4 26. Nf5 Rxf5 27. Qxf5 Rf8 28. Qe4 Nxd3 29. Qxd3 Qf4 30. f3 Qe3+ 31. Qxe3 dxe3 32. Re1 Re8 33. Kf1 Kf7 34. Ke2 Kf6 35. Rc1 Re7 36. Rc4 Rd7 37. Kxe3 Re7+ 38. Kf2 Rd7 39. Ra4 Ke5 40. Kg3 Kf5 41. h4 g6 42. Ra5+ Kf6 43. Kg4 Re7 44. f4 Rd7 45. g3 Rc7 46. Ra6+ Kg7 47. b4 Rb7 48. a3 Rc7 49. Kg5 Rd7 50. Rxg6+ Kf7 51. Ra6 Kg7 52. f5 Kf7 53. g4 Kg7 54. h5 Kh7 55. h6 Re7 56. Kh5 Rc7 57. g5 Re7 58. g6+ Kh8 59. Rc6 Re8 60. Kg5 Rd8 61. Rc7 Kg8 62. Rxa7 Kh8 63. b5 Kg8 64. b6 Kh8 65. a4 Rg8 66. a5 Rf8 67. a6 Re8 68. Rb7 Rg8 69. a7 Re8 70. Rb8 Rg8 71. Rxg8+ Kxg8 72. a8=Q# 1-0


[Site "https://www.chess.com"]

[Event "Titled Tuesday Blitz April 11 Early 2023"]
[White "Kokoszczynski, Jan"]
[Black "babbilator"]
[WhiteFideId "1174460"]
[WhiteElo "2139"]
[BlackElo "2270"]
[Result "1-0"]
[Round "03"]
[TimeControl "180+2"]
[Date "2023.04.11"]
[WhiteClock "0:00:42"]
[BlackClock "0:00:03"]

1. d4 Nf6 2. c4 e6 3. Nc3 Bb4 4. f3 d5 5. a3 Be7 6. e4 dxe4 7. fxe4 c5 8. d5 exd5 9. exd5 Bd6 10. Nf3 O-O 11. Be2 Nbd7 12. O-O h6 13. Nh4 Ne5 14. Nf5 Bxf5 15. Rxf5 a6 16. Qf1 Ned7 17. Bd3 Qc7 18. Bf4 Bxf4 19. Rxf4 Rae8 20. h3 Qe5 21. Qf2 Qe3 22. Rd1 Qxf2+ 23. Kxf2 Re5 24. Be2 Rfe8 25. Bg4 Nf8 26. Bf5 Rd8 27. b4 b6 28. bxc5 bxc5 29. Rb1 g5 30. Rf3 Ng6 31. Bxg6 fxg6 32. Rxf6 1-0


[Site "https://www.chess.com"]

[Event "Titled Tuesday Blitz April 11 Early 2023"]
[White "Hadzimanolis, Antonios"]
[Black "Lakshmi C"]
[WhiteFideId "4202813"]
[BlackFideId "25035347"]
[WhiteElo "2242"]
[BlackElo "1942"]
[Result "1-0"]
[Round "03"]
[TimeControl "180+2"]
[Date "2023.04.11"]
[WhiteClock "0:01:07"]
[BlackClock "0:00:45"]

1. e4 c5 2. c3 Nf6 3. e5 Nd5 4. Nf3 Nc6 5. Bc4 Nb6 6. Bb3 c4 7. Bc2 e6 8. b3 d6 9. exd6 Bxd6 10. Na3 cxb3 11. axb3 Bf4 12. O-O O-O 13. Qe2 e5 14. g3 Bh6 15. Nxe5 Re8 16. Nxc6 bxc6 17. Qh5 Nd5 18. Nc4 Nf6 19. Qh4 Bg4 20. d4 Be2 21. Bxh6 Bxf1 22. Rxf1 gxh6 23. Qxh6 Re6 24. Ne3 1-0


[Site "https://www.chess.com"]

[Event "Titled Tuesday Blitz April 11 Early 2023"]
[White "morozcoma"]
[Black "Berezin, Viktor"]
[BlackFideId "14107872"]
[WhiteElo "2266"]
[BlackElo "2310"]
[Result "1/2-1/2"]
[Round "03"]
[TimeControl "180+2"]
[Date "2023.04.11"]
[WhiteClock "0:00:14"]
[BlackClock "0:00:05"]

1. e4 g6 2. d4 Bg7 3. Nc3 d6 4. Be2 Nf6 5. h4 h5 6. Nf3 Bg4 7. Ng5 Bxe2 8. Qxe2 Nc6 9. Be3 Ng4 10. O-O-O Nxe3 11. fxe3 Qd7 12. Qb5 Rb8 13. Rhf1 f6 14. Qb3 Nd8 15. Nh3 Qe6 16. Nd5 Rc8 17. Nf2 c6 18. Nf4 Qxb3 19. axb3 Kf7 20. N2d3 e5 21. dxe5 dxe5 22. Nh3 Ke7 23. Nc5 Rc7 24. Rd3 Ne6 25. Nxe6 Kxe6 26. Rfd1 Re8 27. c4 Bf8 28. Kc2 Bc5 29. Kc3 a5 30. Ng1 Ree7 31. Nf3 Red7 32. Rxd7 Rxd7 33. Rxd7 Kxd7 34. Kd3 Ke6 35. Ng1 Be7 36. Nf3 Kd6 37. Ne1 Kc5 38. Nc2 b5 39. cxb5 cxb5 40. b4+ axb4 41. b3 Kc6 42. Ke2 Bc5 43. Kf3 Kd6 44. g4 Ke6 45. gxh5 gxh5 46. Ne1 f5 47. exf5+ Kxf5 48. e4+ Ke6 49. Nd3 Bd6 50. Kg3 Be7 51. Kh3 Kf6 52. Kg3 Bd6 53. Kh3 Ke6 54. Nb2 Bc5 55. Nd3 Be3 56. Nxb4 Kd6 57. Nd3 Bd2 58. b4 Be3 59. Kg3 Bd4 60. Kh3 Be3 61. Kg3 Bd4 62. Kh3 Be3 1/2-1/2


[Site "https://www.chess.com"]

[Event "Titled Tuesday Blitz April 11 Early 2023"]
[White "Barwinska, Ewa"]
[Black "Aggelis, Nikolaos"]
[WhiteFideId "21833761"]
[BlackFideId "4213220"]
[WhiteElo "1908"]
[BlackElo "2189"]
[Result "1-0"]
[Round "03"]
[TimeControl "180+2"]
[Date "2023.04.11"]
[WhiteClock "0:00:08"]
[BlackClock "0:00:18"]

1. e4 c6 2. d4 d5 3. Nc3 dxe4 4. Nxe4 Nf6 5. Nxf6+ exf6 6. c3 Bd6 7. Bd3 O-O 8. Qc2 h5 9. Ne2 Qc7 10. Be3 Re8 11. O-O-O Be6 12. Ng3 h4 13. Nf5 Bxf5 14. Bxf5 Bf4 15. Bxf4 Qxf4+ 16. Kb1 Na6 17. g3 Qf3 18. gxh4 Re2 19. Bh7+ Kh8 20. Qf5 Rxf2 21. Qxf3 Rxf3 22. Bd3 Nc7 23. Bc4 Nd5 24. Bxd5 cxd5 25. Rde1 Kg8 26. Re7 Rb8 27. h5 a5 28. h6 g6 29. h7+ Kg7 30. h8=Q+ Rxh8 31. Rxb7 Rh5 32. Ra7 Rf2 33. Rxa5 Rg5 34. Rb5 Re2 35. a4 Re6 36. h4 Rh5 37. a5 Ra6 38. Ka2 f5 39. Rxd5 f4 40. Rxh5 gxh5 41. b4 Kf6 42. Kb3 Kf5 43. Ka4 Ke4 44. b5 Ra8 45. b6 Kd5 46. Rf1 Rc8 47. Rxf4 Rxc3 48. Rxf7 Rc1 49. Rf5+ Kxd4 50. Rxh5 Kc4 51. Ka3 Ra1+ 52. Kb2 Ra4 53. Rg5 Rb4+ 54. Kc2 Ra4 55. Kd2 Kd4 56. Rg4+ 1-0


[Site "https://www.chess.com"]

[Event "Titled Tuesday Blitz April 11 Early 2023"]
[White "Schuh, Karsten"]
[Black "Arpita, Mukherjee"]
[WhiteFideId "4637950"]
[BlackFideId "5056403"]
[WhiteElo "2138"]
[BlackElo "2129"]
[Result "0-1"]
[Round "03"]
[TimeControl "180+2"]
[Date "2023.04.11"]
[WhiteClock "0:01:57"]
[BlackClock "0:02:05"]

1. Nf3 Nf6 2. c4 g6 3. b4 Bg7 4. Bb2 O-O 5. g3 a5 6. b5 c6 7. Bg2 cxb5 8. cxb5 d5 9. O-O a4 10. d4 Qb6 11. Na3 Bf5 12. Rc1 Ne4 13. Nh4 Bd7 14. Qe1 Bxd4 15. Bxd4 Qxd4 16. Qb4 Qxb4 0-1


[Site "https://www.chess.com"]

[Event "Titled Tuesday Blitz April 11 Early 2023"]
[White "Borrmann, Laurenz"]
[Black "ilya2700"]
[WhiteFideId "312187930"]
[WhiteElo "2312"]
[BlackElo "2256"]
[Result "0-1"]
[Round "03"]
[TimeControl "180+2"]
[Date "2023.04.11"]
[WhiteClock "0:00:03"]
[BlackClock "0:00:14"]

1. d4 Nf6 2. c4 g6 3. Nc3 Bg7 4. e4 d6 5. h3 O-O 6. Be3 c5 7. Nf3 cxd4 8. Nxd4 Nc6 9. Be2 Bd7 10. O-O Rc8 11. Rc1 Nxd4 12. Bxd4 Bc6 13. Qd3 Nd7 14. Rfd1 Nc5 15. Qe3 Qa5 16. h4 a6 17. Bxg7 Kxg7 18. h5 Ne6 19. hxg6 hxg6 20. Bg4 Rh8 21. Nd5 Rh4 22. Bxe6 fxe6 23. b4 Rch8 24. Qc3+ e5 25. g3 Rh1+ 26. Kg2 R1h2+ 27. Kg1 Qd8 28. Nf4 Qd7 29. Qf3 exf4 30. Qxf4 Qh3 0-1


[Site "https://www.chess.com"]

[Event "Titled Tuesday Blitz April 11 Early 2023"]
[White "De Souza, Cristiano Gomes"]
[Black "Gurevich, Dmitry"]
[WhiteFideId "2151758"]
[BlackFideId "2000407"]
[WhiteElo "2068"]
[BlackElo "2506"]
[Result "0-1"]
[Round "03"]
[TimeControl "180+2"]
[Date "2023.04.11"]
[WhiteClock "0:00:39"]
[BlackClock "0:01:00"]

1. d4 Nf6 2. c4 a6 3. Nf3 c5 4. d5 b5 5. cxb5 axb5 6. e4 Nxe4 7. Bd3 Nf6 8. Bxb5 g6 9. O-O Bg7 10. Nc3 O-O 11. d6 Bb7 12. Re1 e6 13. Ne5 Qb6 14. a4 Nc6 15. Nc4 Qa7 16. Be3 Nd4 17. b4 Nd5 18. Nxd5 Bxd5 19. bxc5 Qxc5 20. Rc1 Qa7 21. a5 e5 22. Nb6 Qb7 23. Nxd5 Qxd5 24. Bxd7 Qxd6 25. Bxd4 exd4 26. Bc6 Rxa5 27. Bf3 d3 28. Re3 Ra3 29. Be4 Bh6 30. Rxd3 Rxd3 31. Bxd3 Bxc1 0-1


[Site "https://www.chess.com"]

[Event "Titled Tuesday Blitz April 11 Early 2023"]
[White "koncheto"]
[Black "mjelcic"]
[WhiteElo "2540"]
[BlackElo "2249"]
[Result "1-0"]
[Round "03"]
[TimeControl "180+2"]
[Date "2023.04.11"]
[WhiteClock "0:01:13"]
[BlackClock "0:00:06"]

1. e4 e5 2. Nf3 Nc6 3. Bc4 Nf6 4. d3 Bc5 5. c3 O-O 6. O-O d5 7. exd5 Nxd5 8. h3 Be6 9. Re1 f6 10. b4 Bd6 11. Qb3 Nce7 12. d4 Bf7 13. dxe5 fxe5 14. Nxe5 Bxe5 15. Rxe5 b5 16. Bxb5 Ne3 17. c4 N3f5 18. Bg5 c6 19. Bxc6 Rc8 20. Be4 h6 21. Bxf5 hxg5 22. Bxc8 Qxc8 23. Rxe7 Bxc4 24. Qc3 Qf5 25. Qxg7# 1-0


[Site "https://www.chess.com"]

[Event "Titled Tuesday Blitz April 11 Early 2023"]
[White "Vakhidov, Shahzod"]
[Black "Ruge, Edison"]
[WhiteFideId "14205270"]
[BlackFideId "4401000"]
[WhiteElo "2212"]
[BlackElo "2175"]
[Result "1-0"]
[Round "03"]
[TimeControl "180+2"]
[Date "2023.04.11"]
[WhiteClock "0:00:11"]
[BlackClock "0:00:25"]

1. d4 d5 2. Nf3 e6 3. g3 f5 4. Bg2 Nf6 5. O-O Be7 6. c4 c6 7. Qc2 O-O 8. Nc3 Bd7 9. Rb1 Be8 10. b4 dxc4 11. Rd1 Nbd7 12. Ng5 Bf7 13. e4 Nb6 14. exf5 exf5 15. Nxf7 Rxf7 16. b5 Nfd5 17. bxc6 bxc6 18. a4 a5 19. Rxb6 Nxb6 20. Bxc6 Rc8 21. Bg2 Bd6 22. Nb5 Bb8 23. d5 f4 24. d6 fxg3 25. hxg3 Rc5 26. Be3 Rcf5 27. Be4 Re5 28. Bxb6 Qxb6 29. Bd5 Rxd5 30. Rxd5 Ba7 31. d7 Rxf2 32. d8=Q+ Rf8+ 33. Qxb6 Bxb6+ 34. Kg2 1-0


[Site "https://www.chess.com"]

[Event "Titled Tuesday Blitz April 11 Early 2023"]
[White "Jimenez Almeida, Luis David"]
[Black "Dylag, Emilia"]
[WhiteFideId "22242244"]
[BlackFideId "21805172"]
[WhiteElo "2245"]
[BlackElo "1878"]
[Result "1-0"]
[Round "03"]
[TimeControl "180+2"]
[Date "2023.04.11"]
[WhiteClock "0:00:31"]
[BlackClock "0:01:35"]

1. e4 c5 2. Nc3 d6 3. Nge2 Nc6 4. d4 cxd4 5. Nxd4 Nf6 6. Bg5 e6 7. Qd2 Be7 8. f4 h6 9. Bh4 Qb6 10. O-O-O O-O 11. Bf2 Nxd4 12. Bxd4 Qa5 13. Kb1 b6 14. g4 Bb7 15. Bd3 d5 16. e5 Ne4 17. Qe2 Nxc3+ 18. Bxc3 Bb4 19. Bd4 Rac8 20. g5 Bc5 21. gxh6 g6 22. Qf2 Bxd4 23. Qxd4 Qc5 24. Qg1 Qxg1 25. Rhxg1 Kh7 26. c3 Kxh6 27. Be2 f6 28. Bd3 g5 29. exf6 gxf4 30. Rg6+ Kh5 31. Rdg1 e5 32. Be2+ 1-0


[Site "https://www.chess.com"]

[Event "Titled Tuesday Blitz April 11 Early 2023"]
[White "Sailer, Mike"]
[Black "Omelja, Artem"]
[WhiteFideId "2012901"]
[BlackFideId "14119846"]
[WhiteElo "2109"]
[BlackElo "2404"]
[Result "0-1"]
[Round "03"]
[TimeControl "180+2"]
[Date "2023.04.11"]
[WhiteClock "0:01:07"]
[BlackClock "0:02:09"]

1. d4 Nf6 2. Bg5 Ne4 3. Bf4 d5 4. f3 Nf6 5. Nc3 c6 6. e4 dxe4 7. fxe4 Bg4 8. Qd2 e6 9. a3 Nbd7 10. h3 Bh5 11. g4 Bg6 12. Bg2 Qa5 13. Nge2 Be7 14. b4 Bxb4 15. O-O Be7 16. Rab1 Nb6 17. g5 Nh5 18. Be5 O-O 19. Rf2 Nc4 20. Qd3 Nxe5 21. dxe5 Bc5 0-1


[Site "https://www.chess.com"]

[Event "Titled Tuesday Blitz April 11 Early 2023"]
[White "Kubicka, Anna"]
[Black "Vanek, Tomas"]
[WhiteFideId "1152254"]
[BlackFideId "313459"]
[WhiteElo "2144"]
[BlackElo "2052"]
[Result "1-0"]
[Round "03"]
[TimeControl "180+2"]
[Date "2023.04.11"]
[WhiteClock "0:01:09"]
[BlackClock "0:00:02"]

1. e4 c5 2. Ne2 g6 3. g3 Bg7 4. Bg2 Nc6 5. O-O d6 6. c3 e5 7. Na3 Nge7 8. Nc2 O-O 9. d4 exd4 10. cxd4 cxd4 11. Nexd4 Nxd4 12. Nxd4 Nc6 13. Be3 Qf6 14. Nxc6 bxc6 15. Rc1 Ba6 16. Re1 Qxb2 17. Rxc6 Bb5 18. Rxd6 Bc3 19. Bd2 Ba4 20. Bxc3 Qxc3 21. Qd2 Qxd2 22. Rxd2 Rfd8 23. Ree2 Rab8 24. h4 Kg7 25. f4 Rb1+ 26. Kf2 Rd1 27. Rxd8 Rxd8 28. e5 Rd3 29. Be4 Ra3 30. Bd5 Bd7 31. Rc2 Rd3 32. Bb3 Bg4 33. Rc7 Rd2+ 34. Ke3 Rg2 35. Rxf7+ Kh6 36. Rxa7 Rxg3+ 37. Kd4 Rf3 38. Bg8 Rxf4+ 39. Ke3 Rf3+ 40. Ke4 g5 41. Rxh7+ Kg6 42. hxg5 Rf1 43. Rc7 Kxg5 44. Rg7+ Kh5 45. Bf7+ Kh4 46. Rh7+ Kg3 47. Rg7 Re1+ 48. Kd5 Rd1+ 49. Kc6 Kf4 50. e6 Bf5 51. e7 Bd7+ 52. Kc7 Ba4 53. e8=Q Bxe8 54. Bxe8 Ra1 55. a4 Ke5 56. Rg5+ Ke6 57. a5 Ke7 58. Bc6 1-0


[Site "https://www.chess.com"]

[Event "Titled Tuesday Blitz April 11 Early 2023"]
[White "tetrix83"]
[Black "Necula, Iulian"]
[BlackFideId "1232380"]
[WhiteElo "2532"]
[BlackElo "1790"]
[Result "1/2-1/2"]
[Round "03"]
[TimeControl "180+2"]
[Date "2023.04.11"]
[WhiteClock "0:00:32"]
[BlackClock "0:00:24"]

1. e4 d6 2. d4 Nf6 3. Nc3 e5 4. Nf3 Nbd7 5. Bc4 Be7 6. O-O c6 7. a4 a5 8. Re1 Qc7 9. b3 h6 10. Nh4 exd4 11. Qxd4 Ne5 12. Nf5 Bxf5 13. exf5 Nxc4 14. Qxc4 O-O 15. Bf4 Rfd8 16. Rad1 Rd7 17. Rxe7 Rxe7 18. Bxd6 Re1+ 19. Rxe1 Qxd6 20. h3 Re8 21. Rxe8+ Nxe8 22. Ne4 Qd1+ 23. Kh2 Nd6 24. Nxd6 Qxd6+ 25. g3 Qd2 26. Kg2 h5 27. c3 Qd7 28. Qc5 h4 29. gxh4 Qd8 30. Qd4 Qe7 31. h5 Qg5+ 32. Qg4 Qf6 33. c4 b6 34. h4 Kh7 35. Qg5 Qe5 36. Qg4 Qf6 37. Qe4 Kh6 38. Qg4 Kh7 1/2-1/2


[Site "https://www.chess.com"]

[Event "Titled Tuesday Blitz April 11 Early 2023"]
[White "Bacrot, Etienne"]
[Black "Melaugh, Shane"]
[WhiteFideId "605506"]
[BlackFideId "2509580"]
[WhiteElo "2663"]
[BlackElo "2034"]
[Result "0-1"]
[Round "03"]
[TimeControl "180+2"]
[Date "2023.04.11"]
[WhiteClock "0:00:04"]
[BlackClock "0:00:07"]

1. e4 e6 2. d4 d5 3. exd5 exd5 4. Nf3 Bd6 5. c4 c6 6. Nc3 Ne7 7. Bd3 Bg4 8. O-O h6 9. h3 Bh5 10. c5 Bc7 11. Re1 O-O 12. Qe2 Bxf3 13. Qxe7 Bh5 14. Qxd8 Bxd8 15. Bf4 Bf6 16. Bd6 Rd8 17. Bc7 Rc8 18. Bf5 Rf8 19. Bd6 Rd8 20. Be7 Bxe7 21. Rxe7 b6 22. Rae1 Na6 23. cxb6 axb6 24. g4 Bg6 25. Bxg6 fxg6 26. R1e6 Kf8 27. Rb7 Rab8 28. Rxb8 Nxb8 29. Na4 Kf7 30. Re3 Nd7 31. Rc3 Ra8 32. b3 b5 33. Nb2 Rxa2 34. Nd3 Ra6 35. Nb4 Ra1+ 36. Kg2 Nb8 37. Kf3 Rh1 38. Ke2 g5 39. Re3 Rb1 40. Kd2 Rb2+ 41. Nc2 Nd7 42. Kc3 Rb1 43. Rf3+ Ke7 44. Nb4 Nf6 45. Nxc6+ Kd6 46. Nb4 Ne4+ 47. Kc2 Re1 48. Rf5 Rf1 49. f3 Nf6 50. Nd3 Rh1 51. f4 Rxh3 52. fxg5 hxg5 53. Rxg5 Rg3 54. Rxg7 Rxg4 55. Rb7 Rxd4 56. Rb6+ Ke7 57. Rxb5 Ne4 58. Nf4 Nd6 59. Rb6 Rxf4 60. Kd3 Ke6 61. Ke3 Re4+ 62. Kd3 Ke5 63. b4 Rh4 64. b5 Rh3+ 65. Kd2 Nc4+ 0-1


[Site "https://www.chess.com"]

[Event "Titled Tuesday Blitz April 11 Early 2023"]
[White "Keymer, Vincent"]
[Black "Toktomushev, Teimur"]
[WhiteFideId "12940690"]
[BlackFideId "14176726"]
[WhiteElo "2651"]
[BlackElo "2116"]
[Result "1-0"]
[Round "03"]
[TimeControl "180+2"]
[Date "2023.04.11"]
[WhiteClock "0:00:19"]
[BlackClock "0:00:02"]

1. a3 e5 2. c4 Nf6 3. d3 d5 4. cxd5 Nxd5 5. Nf3 Bd6 6. e4 Nb6 7. Be2 O-O 8. O-O Nc6 9. Be3 Be6 10. Nbd2 Nd4 11. Nxd4 exd4 12. Bxd4 Bxh2+ 13. Kxh2 Qxd4 14. Qc1 c6 15. f4 f5 16. Nf3 Qd6 17. g3 Rad8 18. b4 Nd7 19. e5 Qe7 20. Qe3 Nb6 21. Rac1 Rd7 22. d4 Rfd8 23. b5 Bd5 24. bxc6 bxc6 25. Rfd1 h6 26. Nh4 Qf7 27. Bf3 Bxf3 28. Nxf3 Qe6 29. Qe2 Nd5 30. Rd2 Rb7 31. Rdc2 Rb6 32. a4 Rdb8 33. a5 Rb3 34. Rxc6 Qf7 35. Rc8+ Kh7 36. Rxb8 Rxb8 37. e6 Qe7 38. Rc2 Rb3 39. Ng5+ hxg5 40. Qh5+ Kg8 41. Rc8+ Qf8 42. Rxf8+ 1-0


[Site "https://www.chess.com"]

[Event "Titled Tuesday Blitz April 11 Early 2023"]
[White "Shukhman, Anna"]
[Black "Yuan, Qingyu"]
[WhiteFideId "54180058"]
[BlackFideId "8609772"]
[WhiteElo "2125"]
[BlackElo "2359"]
[Result "0-1"]
[Round "03"]
[TimeControl "180+2"]
[Date "2023.04.11"]
[WhiteClock "0:00:17"]
[BlackClock "0:00:21"]

1. e4 c5 2. Nf3 Nc6 3. Bb5 g6 4. O-O Bg7 5. c3 e6 6. d4 Qb6 7. Na3 d5 8. exd5 exd5 9. dxc5 Qxc5 10. Be3 Qd6 11. Nc4 Qd8 12. Nce5 Ne7 13. Bc5 O-O 14. Nxc6 bxc6 15. Re1 Be6 16. Bxe7 Qxe7 17. Bxc6 Rab8 18. Qd2 Rb6 19. Ba4 Rfb8 20. b4 Qc7 21. Nd4 a5 22. a3 axb4 23. axb4 h5 24. Bb3 Rc8 25. Rec1 Kh7 26. Nxe6 fxe6 27. Qd3 Rc6 28. Bc2 Qf7 29. Qe2 Rxc3 30. Qxh5+ Bh6 31. Bxg6+ Qxg6 32. Ra7+ Kh8 33. Rxc3 Qb1+ 0-1


[Site "https://www.chess.com"]